General information
- name: BNet
- type: Ladder team game (AT/RT)
- host: Battle.net
- saver: iNT]DoGANDHoRSE
map: RiverOfSouls
- players: 6
- length: 16:58
- speed: Fast
- version: 1.27 W3XP
- replay type:

» download(144 KB)
Players
team 1 (winner)
iNT]DoGANDHoRSE (
green | 141 APM | 2397 actions | 16:58)
3 Blademaster
2 Wind Walk
1 Critical Strike
» actions
| Assign group hotkey | 10 | |
| Basic commands | 5 | |
| Build / train | 59 | |
| Enter build submenu | 57 | |
| Enter hero's abilities submenu | 3 | |
| Remove unit from queue | 2 | |
| Right click | 1558 | |
| Select / deselect | 226 | |
| Select group hotkey | 370 | |
| Use ability | 107 | |
2397 total
» units
» upgrades
| Liquid Fire | 1 | |
| Ranged Weapons | 2 | |
| Reinforced Defenses | 1 | |
4 total
» buildings
| Altar of Storms | 1 | |
| Orc Burrow | 3 | |
| War Mill | 1 | |
| Watch Tower | 38 | |
| Voodoo Lounge | 3 | |
| Stronghold | 3 | |
| Great Hall | 1 | |
| Beastiary | 2 | |
| Fortress | 3 | |
55 total
» build order
00:07 Altar of Storms
00:18 Orc Burrow
00:35 War Mill
01:46 Watch Tower
01:49 Watch Tower
02:16 Watch Tower
02:32 Watch Tower
02:49 Voodoo Lounge
03:01 Watch Tower
03:11 Watch Tower
03:13 Watch Tower
03:34 Watch Tower
03:55 Watch Tower
04:00 Watch Tower
04:24 Watch Tower
04:28 Watch Tower
04:32 Watch Tower
04:41 Stronghold
04:41 Stronghold
04:41 Stronghold
04:59 Orc Burrow
05:20 Great Hall
05:22 Watch Tower
05:27 Watch Tower
05:42 Watch Tower
05:52 Watch Tower
06:41 Watch Tower
06:46 Voodoo Lounge
07:31 Beastiary
07:33 Fortress
07:33 Fortress
07:34 Fortress
08:15 Beastiary
09:04 Orc Burrow
09:23 Watch Tower
09:40 Voodoo Lounge
10:22 Watch Tower
10:28 Watch Tower
10:29 Watch Tower
10:34 Watch Tower
11:25 Watch Tower
12:22 Watch Tower
12:55 Watch Tower
13:46 Watch Tower
13:46 Watch Tower
13:57 Watch Tower
14:26 Watch Tower
14:43 Watch Tower
15:16 Watch Tower
15:51 Watch Tower
15:52 Watch Tower
15:53 Watch Tower
15:55 Watch Tower
16:01 Watch Tower
16:40 Watch Tower
» items
| Boots of Speed | 1 | |
| Staff of Teleportation | 1 | |
| Lesser Clarity Potion | 5 | |
| Healing Salve | 2 | |
| Orb of Lightning | 1 | |
10 total
WigBoysAssemble (
red | 100 APM | 1690 actions | 16:58)
3 Warden
2 Shadow Strike
1 Blink
» actions
| Assign group hotkey | 3 | |
| Basic commands | 27 | |
| Build / train | 33 | |
| ESC pressed | 2 | |
| Enter build submenu | 9 | |
| Enter hero's abilities submenu | 3 | |
| Right click | 1166 | |
| Select / deselect | 132 | |
| Select group hotkey | 259 | |
| Use ability | 56 | |
1690 total
» units
» buildings
| Altar of Elders | 1 | |
| Moon Well | 4 | |
| Tree of Life | 2 | |
7 total
» build order
00:07 Altar of Elders
00:11 Moon Well
02:46 Moon Well
07:12 Tree of Life
15:19 Tree of Life
16:28 Moon Well
16:30 Moon Well
» items
| Staff of Teleportation | 1 | |
| Boots of Speed | 1 | |
| Healing Salve | 1 | |
| Lesser Clarity Potion | 3 | |
| Orb of Lightning | 1 | |
7 total
wigworldtour.eu (
orange | 137 APM | 2321 actions | 16:58)
2 Archmage
1 Blizzard
1 Brilliance Aura
1 Mountain King
1 Storm Bolt
» actions
| Assign group hotkey | 48 | |
| Basic commands | 30 | |
| Build / train | 136 | |
| ESC pressed | 6 | |
| Enter build submenu | 90 | |
| Enter hero's abilities submenu | 3 | |
| Remove unit from queue | 7 | |
| Right click | 1262 | |
| Select / deselect | 414 | |
| Select group hotkey | 192 | |
| Use ability | 133 | |
2321 total
» units
» upgrades
| Masonry | 2 | |
| Magic Sentry | 1 | |
| Lumber Harvesting | 1 | |
4 total
» buildings
| Altar of Kings | 1 | |
| Farm | 5 | |
| Lumber Mill | 1 | |
| Scout Tower | 67 | |
| Arcane Tower | 7 | |
| Guard Tower | 72 | |
| Keep | 3 | |
| Arcane Vault | 2 | |
| Arcane Sanctum | 1 | |
| Castle | 3 | |
162 total
» build order
00:22 Altar of Kings
00:24 Farm
00:27 Lumber Mill
00:45 Scout Tower
00:52 Scout Tower
01:07 Farm
01:12 Arcane Tower
01:12 Arcane Tower
01:14 Scout Tower
01:15 Scout Tower
01:31 Scout Tower
01:44 Scout Tower
01:50 Scout Tower
01:56 Guard Tower
01:57 Guard Tower
01:57 Guard Tower
02:10 Guard Tower
02:10 Guard Tower
02:11 Guard Tower
02:17 Scout Tower
02:24 Scout Tower
02:42 Guard Tower
02:42 Guard Tower
02:43 Guard Tower
02:43 Guard Tower
02:50 Scout Tower
03:03 Scout Tower
03:04 Guard Tower
03:04 Guard Tower
03:05 Guard Tower
03:14 Scout Tower
03:15 Scout Tower
03:25 Scout Tower
03:28 Arcane Tower
03:28 Arcane Tower
03:29 Arcane Tower
03:52 Guard Tower
04:04 Arcane Tower
04:18 Scout Tower
04:46 Scout Tower
04:56 Scout Tower
05:11 Guard Tower
05:12 Guard Tower
05:22 Scout Tower
05:28 Scout Tower
05:42 Guard Tower
05:42 Guard Tower
05:42 Guard Tower
05:45 Scout Tower
05:53 Guard Tower
05:53 Guard Tower
05:53 Guard Tower
05:59 Scout Tower
06:03 Guard Tower
06:25 Scout Tower
06:26 Scout Tower
06:29 Guard Tower
06:29 Guard Tower
06:30 Guard Tower
06:43 Farm
06:43 Guard Tower
06:57 Guard Tower
07:15 Keep
07:15 Keep
07:21 Scout Tower
07:28 Guard Tower
07:28 Guard Tower
07:49 Guard Tower
07:52 Guard Tower
07:53 Guard Tower
07:54 Scout Tower
07:55 Scout Tower
08:01 Scout Tower
08:02 Scout Tower
08:26 Scout Tower
08:28 Scout Tower
08:30 Guard Tower
08:47 Arcane Vault
08:59 Guard Tower
08:59 Guard Tower
09:31 Farm
09:33 Farm
09:40 Arcane Sanctum
10:15 Guard Tower
10:17 Scout Tower
10:18 Scout Tower
10:20 Scout Tower
10:22 Scout Tower
10:35 Scout Tower
10:38 Scout Tower
10:39 Scout Tower
10:57 Guard Tower
10:57 Guard Tower
10:58 Guard Tower
11:00 Scout Tower
11:01 Scout Tower
11:02 Scout Tower
11:25 Scout Tower
11:52 Guard Tower
11:52 Guard Tower
11:55 Scout Tower
11:57 Scout Tower
11:58 Scout Tower
12:36 Guard Tower
12:41 Scout Tower
12:41 Scout Tower
12:43 Scout Tower
13:00 Guard Tower
13:00 Guard Tower
13:01 Scout Tower
13:02 Scout Tower
13:07 Scout Tower
13:19 Guard Tower
13:19 Guard Tower
13:22 Scout Tower
13:59 Scout Tower
13:59 Guard Tower
14:27 Guard Tower
14:27 Guard Tower
14:32 Scout Tower
14:34 Scout Tower
14:35 Scout Tower
14:37 Scout Tower
14:37 Scout Tower
14:40 Guard Tower
14:40 Guard Tower
15:13 Guard Tower
15:15 Scout Tower
15:16 Scout Tower
15:17 Scout Tower
15:19 Scout Tower
15:20 Scout Tower
15:21 Scout Tower
15:23 Scout Tower
15:24 Scout Tower
15:46 Arcane Vault
15:48 Guard Tower
15:49 Castle
15:49 Castle
15:49 Castle
16:25 Guard Tower
16:25 Guard Tower
16:29 Scout Tower
16:30 Scout Tower
» items
| Staff of Teleportation | 1 | |
| Healing Salve | 1 | |
| Lesser Clarity Potion | 1 | |
| Orb of Lightning | 1 | |
4 total
team 2 (loser)
GetRectByMe (
purple | 68 APM | 1145 actions | 16:55)
1 Pandaren Brewmaster
1 Breath of Fire
» actions
| Assign group hotkey | 1 | |
| Build / train | 23 | |
| Enter build submenu | 10 | |
| Enter hero's abilities submenu | 1 | |
| Give item / drop item | 1 | |
| Right click | 921 | |
| Select / deselect | 166 | |
| Use ability | 22 | |
1145 total
» units
» buildings
| Orc Burrow | 3 | |
| Altar of Storms | 1 | |
| Voodoo Lounge | 2 | |
| Stronghold | 1 | |
| War Mill | 1 | |
| Barracks | 2 | |
| Fortress | 1 | |
11 total
» build order
00:48 Orc Burrow
01:30 Altar of Storms
03:27 Orc Burrow
04:27 Voodoo Lounge
08:24 Voodoo Lounge
09:25 Stronghold
09:28 War Mill
10:17 Barracks
10:35 Barracks
11:01 Orc Burrow
12:29 Fortress
» items
| Healing Salve | 1 | |
| Lesser Clarity Potion | 1 | |
| Staff of Teleportation | 5 | |
7 total
Playlandos (
yellow | 52 APM | 887 actions | 16:57)
1 Pandaren Brewmaster
1 Breath of Fire
» actions
| Assign group hotkey | 28 | |
| Basic commands | 1 | |
| Build / train | 50 | |
| ESC pressed | 1 | |
| Enter build submenu | 16 | |
| Enter hero's abilities submenu | 1 | |
| Remove unit from queue | 3 | |
| Right click | 438 | |
| Select / deselect | 247 | |
| Select group hotkey | 69 | |
| Use ability | 33 | |
887 total
» units
| Wisp | 28 | |
| Huntress | 4 | |
| Glaive Thrower | 6 | |
| Hippogryph | 2 | |
40 total
» buildings
| Moon Well | 3 | |
| Altar of Elders | 1 | |
| Ancient of War | 3 | |
| Hunter's Hall | 1 | |
| Ancient of Wonders | 1 | |
| Tree of Ages | 1 | |
| Ancient of Wind | 2 | |
12 total
» build order
00:10 Moon Well
01:41 Altar of Elders
02:39 Ancient of War
03:00 Hunter's Hall
03:48 Ancient of War
03:54 Moon Well
04:11 Moon Well
06:45 Ancient of Wonders
07:51 Tree of Ages
11:27 Ancient of War
14:59 Ancient of Wind
15:04 Ancient of Wind
» items
| Scroll of Speed | 1 | |
| Healing Salve | 1 | |
| Lesser Clarity Potion | 1 | |
| Dust of Appearance | 1 | |
| Potion of Lesser Invulnerability | 1 | |
| Boots of Speed | 1 | |
6 total
Push.iT (
blue | 84 APM | 1411 actions | 16:51)
3 Pit Lord
2 Rain of Fire
1 Howl of Terror
1 Death Knight
1 Death Coil
1 Lich
1 Frost Nova
» actions
| Basic commands | 22 | |
| Build / train | 40 | |
| Enter build submenu | 27 | |
| Enter hero's abilities submenu | 6 | |
| Remove unit from queue | 1 | |
| Right click | 938 | |
| Select / deselect | 313 | |
| Use ability | 64 | |
1411 total
» units
| Acolyte | 2 | |
| Ghoul | 2 | |
| Gargoyle | 8 | |
| Frost Wyrm | 6 | |
18 total
» upgrades
| Creature Carapace | 3 | |
| Creature Attack | 2 | |
| Freezing Breath | 1 | |
6 total
» buildings
| Halls of the Dead | 1 | |
| Ziggurat | 12 | |
| Crypt | 4 | |
| Graveyard | 1 | |
| Altar of Darkness | 2 | |
| Black Citadel | 1 | |
| Sacrificial Pit | 1 | |
| Boneyard | 3 | |
| Tomb of Relics | 1 | |
| Spirit Tower | 4 | |
30 total
» build order
00:17 Halls of the Dead
00:34 Ziggurat
00:41 Crypt
00:46 Crypt
00:57 Graveyard
01:01 Altar of Darkness
01:04 Altar of Darkness
01:15 Crypt
01:16 Crypt
01:45 Ziggurat
02:39 Ziggurat
04:11 Black Citadel
04:29 Ziggurat
05:07 Sacrificial Pit
06:21 Ziggurat
06:58 Boneyard
06:59 Boneyard
07:00 Boneyard
08:20 Ziggurat
09:44 Ziggurat
10:34 Ziggurat
13:04 Tomb of Relics
13:53 Ziggurat
13:58 Ziggurat
13:59 Ziggurat
14:00 Spirit Tower
14:31 Spirit Tower
15:00 Spirit Tower
15:00 Spirit Tower
15:23 Ziggurat
» items
Chat log
(00:28 / All) iNT]DoGANDHoRSE: hi
(00:34 / All) GetRectByMe: hi
(15:11 / All) iNT]DoGANDHoRSE: noo
(15:12 / All) iNT]DoGANDHoRSE: b
(15:13 / All) iNT]DoGANDHoRSE: Noobs
(16:05 / All) iNT]DoGANDHoRSE: }are you multiboxing or what
(16:56 / All) iNT]DoGANDHoRSE: idiots